 Dungeon Crawl Stone Soup version 0.32-a0-699-g1ee5eff69a (webtiles) character file.

Game seed: 18430758851229622290

93 mopl the Insei (level 4, -2/29 HPs)
             Began as an Octopode Shapeshifter on Mar 13, 2024.
             Slain by Grinder (5 damage)
             ... while paralysed by Grinder
             ... on level 3 of the Dungeon.
             The game lasted 00:02:49 (2016 turns).

mopl the Insei (Octopode Shapeshifter)              Turns: 2016, Time: 00:02:49

Health: -2/29      AC:  1    Str: 13    XL:     4   Next: 61%
Magic:  4/4        EV:  2    Int: 12    God:
Gold:   10         SH:  0    Dex: 13    Spells: 3/3 levels left

rFire   . .          .
                       - Unarmed
rCold   . . .        (no shield)
rNeg    . . .        (helmet currently unavailable)
rPois   .            g - amulet of regeneration
rElec   .            (no ring)
rCorr   .            (no ring)
SInv    .            (no ring)
Will    .....        (no ring)
Stlth   ++           (no ring)
HPRegen 1.04/turn    (no ring)
MPRegen 0.09/turn    (no ring)
                     (no ring)

%: no passive effects
@: paralysed, beast-form
A: beast (slay +2), almost no armour, amphibious, 8 rings, camouflage 1,
gelatinous body 1, (nimble swimmer 1), tentacles
a: Begin Untransformation


You were on level 3 of the Dungeon.
You were a hulking beast.
You visited 1 branch of the dungeon, and saw 3 of its levels.

You collected 100 gold pieces.
You spent 90 gold pieces at shops.

Inventory:

Missiles
 j - 4 atropa-tipped darts (quivered)
 q - 4 boomerangs
Jewellery
 g - an amulet of regeneration (around mantle)
Talismans
 b - a beast talisman (active)
 c - a flux talisman
Scrolls
 d - 2 scrolls of enchant weapon {unknown}
 i - 4 scrolls of vulnerability {unknown}
 k - 2 scrolls of identify {unknown}
 l - 2 scrolls of immolation {unknown}
 p - 4 scrolls of enchant armour {unknown}
Potions
 a - 2 potions of lignification {!q}
 e - 3 potions of curing
 f - 2 potions of berserk rage {unknown}
 h - a potion of attraction {unknown}
 m - a potion of cancellation {unknown}
 n - a potion of haste {unknown}
 o - a potion of brilliance {unknown}
 r - a potion of heal wounds


   Skills:
 + Level 2.0 Fighting
 + Level 2.5 Dodging
 * Level 3.8 Unarmed Combat
 * Level 3.7 Shapeshifting


You had 3 spell levels left.
You didn't know any spells.
Your spell library was empty.

Dungeon Overview and Level Annotations

Branches:
Dungeon (3/15)

Altars:

Shops:
D:2 !

Annotations:
D:3 Grinder


Innate Abilities, Weirdness & Mutations

You are a hulking beast.
Your limbs bulge with bestial killing power. (Slay +2)
You cannot wear most types of armour.
You are amphibious.
You can wear up to eight rings at the same time.
Your skin changes colour to match your surroundings (Stealth+).
Your rubbery body absorbs attacks. (AC +1, EV +1)
((You are camouflaged when in or above water. (Stealth+)))
You have tentacles for arms and can constrict up to eight enemies at once.


Message History

Found a potion of curing.
Grinder comes into view.
A goblin comes into view. It is wielding a +0 dagger.
The hobgoblin hits you.
Grinder shouts!
The goblin shouts!
You tentacle-slap the hobgoblin. Your grab misses the hobgoblin.
The hobgoblin is heavily wounded.
The hobgoblin barely misses you.
You closely miss the hobgoblin. Your grab misses the hobgoblin.
Your squeeze misses the hobgoblin.
The hobgoblin is heavily wounded.
Grinder blinks!
The hobgoblin hits you.
You tentacle-slap the hobgoblin.
You kill the hobgoblin!
Unknown command.
Grinder blinks!
Grinder blinks!
You barely miss the goblin. Your grab misses the goblin.
The goblin closely misses you.
You tentacle-slap the goblin.
You kill the goblin!
You barely miss Grinder. Your grab misses Grinder.
Grinder blinks!
You tentacle-slap Grinder but do no damage.
You grab Grinder. You constrict Grinder. Grinder hits you!
You writhe in agony.
Unknown command.
You tentacle-slap Grinder. You squeeze Grinder, but do no damage.
Grinder is moderately wounded.
You constrict Grinder. Grinder gestures at you.
You suddenly lose the ability to move!
You lose your grip on Grinder.
Grinder gestures at you. Pain shoots through your body!
* * * LOW HITPOINT WARNING * * *
Grinder gestures at you. You resist with significant effort. Grinder hits you.
* * * LOW HITPOINT WARNING * * *
You writhe in agony.
You die...
Grinder sighs, "Dead already?
I want a refund."

#....# ####..#
#..†.# #..# #....#
#..# ###.## #.#..#
#5# #.#..# . #.#
#.#..# . #.# #.#..#
#
#)##########.#..####
#..h5......#.#.)...#
##########.#.#.###.#
#...........#......
.#####.#.#.#####.#
#.....#.#.# #.#
#.###.#.#.# #.#
#.###.#.#.# #.#
#.....#.#.# #.#
#######.#.#####..


You could see Grinder.

Vanquished Creatures
  3 adders (D:2)
  A ribbon worm (D:2)
  2 dart slugs
  7 ball pythons
  5 bats
  9 endoplasms
  2 giant cockroaches
  3 goblins
  3 hobgoblins
  4 jackals (D:2)
  3 kobolds
  3 quokkas
  3 frilled lizards
  9 rats
57 creatures vanquished.

Notes
Turn   | Place    | Note
-------+----------+-------------------------------------------
     0 | D:1      | mopl the Octopode Shapeshifter began the quest for the Orb.
     0 | D:1      | Reached XP level 1. HP: 13/13 MP: 1/1
   159 | D:1      | Reached XP level 2. HP: 18/18 MP: 2/2
   871 | D:2      | Reached XP level 3. HP: 23/23 MP: 3/3
  1052 | D:2      | Found Radie's Distillery.
  1060 | D:2      | Bought a potion of degeneration for 10 gold pieces
  1060 | D:2      | Bought a potion of curing for 30 gold pieces
  1136 | D:2      | Found a faded altar of an unknown god.
  1143 | D:2      | Reached XP level 4. HP: 27/29 MP: 4/4
  1808 | D:2      | Bought a potion of heal wounds for 50 gold pieces
  1990 | D:3      | Reached skill level 2 in Fighting
  1991 | D:3      | Noticed Grinder
  2013 | D:3      | Paralysed by Grinder for 5 turns
  2016 | D:3      | Slain by Grinder

Illustrated notes

Levels and vault maps discovered:
D:1:      zaba_arrival_water, layout_loops_ring, serial_forest,
          infiniplex_forest_clump_long, infiniplex_forest_lined_3_way,
          infiniplex_forest_split, infiniplex_forest_straight_2,
          infiniplex_forest_corner_1, infiniplex_forest_straight_4,
          infiniplex_forest_clump_tiny, infiniplex_forest_clump_large,
          infiniplex_forest_fountain, serial_park_tiny_2
D:2:      layout_basic, nicolae_ecumenical_snake_handling, serial_bayou,
          serial_bayou_ford_a, serial_bayou_lake_a, serial_bayou_shore_a,
          serial_bayou_pond_c, serial_shops, shop_fountains, serial_park_tiny_2,
          minmay_tetromino_i4
D:3:      layout_basic, good_gods_temple_1, serial_corexii_hall,
          corexii_hall_statues_x, chequers_hall_statues_wall_a, uniq_grinder

Skill      XL: |  1  2  3  4 |
---------------+-------------+-----
Fighting       | 2 |  2.0
Dodging        | |  2.5
Unarmed Combat | |  3.8
Shapeshifting  | |  3.7

Action                     |  1- 3 |  4- 6 || total
---------------------------+-------+-------++-------
  Melee: Unarmed           |    70 |    30 ||   100
         Tentacles         |    12 |     5 ||    17
         Constrict         |    16 |     8 ||    24
         Punch             |     2 |     1 ||     3
   Stab: Sleeping          |     9 |     1 ||    10
         Distracted        |     1 |       ||     1
 Armour: Skin              |    24 |    11 ||    35
  Dodge: Dodged            |    44 |    15 ||    59

Table legend: (Time is in decaauts)
 A = Elapsed time spent in this place.
 B = Non-inter-level travel time spent in this place.
 C = Inter-level travel time spent in this place.
 D = Time resting spent in this place.
 E = Time spent auto-exploring this place.
 F = Levels seen in this place.
 G = Mean time per level.
                   A        B        C        D        E       F      G
               +--------+--------+--------+--------+--------+-----+--------+
         Total |   2009 |   1914 |     95 |      0 |   1594 |   3 |  669.7 |
       Dungeon |   2009 |   1914 |     95 |      0 |   1594 |   3 |  669.7 |
               +--------+--------+--------+--------+--------+-----+--------+

Top non-repeatable levels by time:
     D:2: 1034 daAuts
     D:1: 783 daAuts
     D:3: 190 daAuts
